 Dungeon Crawl Stone Soup version 0.19-a0-594-g235f30c (webtiles) character file.

123 Loup the Cudgeler (level 4, 0/37 HPs)
             Began as a Minotaur Gladiator on June 10, 2016.
             Succumbed to Robin's poison
             ... on level 3 of the Dungeon.
             The game lasted 00:03:47 (1555 turns).

Loup the Cudgeler (Minotaur Gladiator)              Turns: 1555, Time: 00:03:48

Health: 0/37       AC:  5    Str: 25    XL:     4   Next: 79%
Magic:  3/3        EV: 12    Int:  5    God:
Gold:   148        SH:  0    Dex: 11    Spells: 0 memorised, 3 levels left

rFire  . . .     SeeInvis .     a - +0 flail
rCold  . . .     Gourm    .     h - +0 ring mail
rNeg   . . .     Faith    .     (no shield)
rPois  .         Spirit   .     c - +0 hat
rElec  .         Dismiss  .     (no cloak)
rCorr  .         Reflect  .     (no gloves)
SustAt .         Harm     .     (no boots)
MR     .....                    (no amulet)
Stlth  +.........               (no ring)
                                (no ring)

@: mighty, lethally poisoned (0 -> -25), not resistant to hostile enchantments,
very unstealthy
A: retaliatory headbutt, horns 2
a: no special abilities


You were on level 3 of the Dungeon.
You were not hungry.

You visited 1 branch of the dungeon, and saw 3 of its levels.

You collected 148 gold pieces.

Inventory:

Hand Weapons
 a - a +0 flail (weapon)
Missiles
 d - 3 throwing nets (quivered)
Armour
 c - a +0 hat (worn)
 h - a +0 ring mail (worn)
Jewellery
 k - an uncursed amulet of guardian spirit {unknown}
Scrolls
 g - a scroll of remove curse {unknown}
 j - 3 scrolls of identify {unknown}
 l - a scroll of fear {unknown}
Potions
 e - a potion of haste {unknown}
 i - 2 potions of might
Comestibles
 f - 2 bread rations
 m - 3 chunks of flesh


   Skills:
 - Level 2.4 Fighting
 + Level 6.7 Maces & Flails
 - Level 2.0 Throwing
 - Level 3.2 Dodging


You had 3 spell levels left.
You didn't know any spells.

Dungeon Overview and Level Annotations

Branches:
Dungeon (3/15)

Altars:


Innate Abilities, Weirdness & Mutations

You reflexively headbutt those who attack you in melee.
You have a pair of horns on your head.


Message History

You feel sick. The hobgoblin misses you. Robin closely misses you.
You closely miss Robin.
Robin is severely wounded.
You feel less invigorated.
You feel less confused.
* * * LOW HITPOINT WARNING * * *
You feel sick.
The hobgoblin hits you but does no damage.
Robin hits you with a short sword of venom.
* * * LOW HITPOINT WARNING * * *
You are more poisoned.
You closely miss Robin. You headbutt Robin.
You kill Robin!
* * * LOW HITPOINT WARNING * * *
You feel very sick. The hobgoblin hits you with a club.
* * * LOW HITPOINT WARNING * * *
You bludgeon the hobgoblin!!
You kill the hobgoblin!
You die...

.##############.#
......)))........
.#..g###@..#### ##
#)#(####+##
........#.)[....#
#########.....).#
......#.....#
##......#.##
########..#...#.###
...........)........
...###.#.#.....####


There were no monsters in sight!

Vanquished Creatures
  Robin (D:3)
  An adder (D:2)
  4 gnolls
  3 worms (D:2)
  A dart slug (D:2)
  A giant gecko (D:1)
  6 bats
  4 giant cockroaches
  14 goblins
  6 hobgoblins
  3 quokkas (D:2)
  2 giant newts (D:2)
  6 kobolds (D:2)
  2 rats
54 creatures vanquished.

Notes
Turn   | Place    | Note
--------------------------------------------------------------
     0 | D:1      | Loup the Minotaur Gladiator began the quest for the Orb.
     0 | D:1      | Reached XP level 1. HP: 18/18 MP: 0/0
    95 | D:1      | Reached skill level 4 in Maces & Flails
   146 | D:1      | Reached XP level 2. HP: 23/25 MP: 1/1
   432 | D:1      | Reached skill level 5 in Maces & Flails
   512 | D:2      | Reached XP level 3. HP: 19/30 MP: 2/2
   919 | D:2      | Reached XP level 4. HP: 23/37 MP: 3/3
   922 | D:2      | Reached skill level 6 in Maces & Flails
  1526 | D:3      | Noticed Robin
  1551 | D:3      | HP: 1/37 [Robin/short sword of venom (3)]
  1554 | D:3      | Killed Robin
  1555 | D:3      | Succumbed to Robin's poison

Vault maps used:
D:1:      grunt_arrival_crossed_arrows
D:3:      minmay_gold_behind_fungi, nicolae_ashenzari_panopticon, uniq_robin

Skill      XL: |  1  2  3  4 |
---------------+-------------+-----
Maces & Flails | 4 5 6 |  6.7
Fighting       | |  2.4
Throwing       | |  2.0
Dodging        | |  3.2

Action                   |  1- 3 |  4- 6 || total
-------------------------+-------+-------++-------
Melee: Flail             |    68 |    57 ||   125
       Headbutt          |    13 |     6 ||    19
Throw: Throwing net      |       |     2 ||     2
  Use: Potion            |       |     2 ||     2
  Eat: Chunk             |       |     2 ||     2
Armor: Leather armour    |    15 |       ||    15
       Ring mail         |     1 |    28 ||    29
Dodge: Dodged            |    47 |    44 ||    91
